 Dungeon Sprint DCSS version 0.29.1-15-g9cfb28693d (webtiles) character file.

Game seed: 9610425889809286791

46750 Groucho the Acrobat (level 14, -19/69 HPs)
             Began as a Spriggan Enchanter on Mar 18, 2023.
             Was the Champion of Dithmenos.
             Killed from afar by a frost giant (42 damage)
             ... with a bolt of cold
             ... in the Dungeon (Sprint VII: "The Pits").
             The game lasted 00:36:08 (11850 turns).

Groucho the Acrobat (Spriggan Enchanter)           Turns: 11850, Time: 00:36:08

Health: -19/69     AC: 12    Str: 10    XL:     14   Next: 6%
Magic:  31/33      EV: 35    Int: 24    God:    Dithmenos [******]
Gold:   37         SH:  5    Dex: 21    Spells: 30/41 levels left

rFire   . . .      SeeInvis +   e - +4 dagger of Jomussaj {vorpal, Dex+6}
rCold   . . .      Faith    .   (no shield)
rNeg    . . .      Spirit   .   A - +2 acid dragon scales
rPois   .          Reflect  +   G - +0 hat
rElec   .          Harm     .   (no cloak)
rCorr   +          Rampage  .   (gloves unavailable)
Will    ++...      NoTele   +   (boots unavailable) Stlth **++++++++
                                y - amulet of reflection
HPRegen 0.21/turn               o - +3 ring of intelligence
MPRegen 0.23/turn               p - +3 ring of strength

@: confusing by touch, wreathed by umbra, very quick
A: very small, no large weapons, unfitting armour, see invisible, speed 3, horns
1, clever 1, frail 1
a: Renounce Religion, Shadow Step, Shadow Form


You were in the Dungeon.
You worshipped Dithmenos.
Dithmenos was exalted by your worship.
You visited 1 branch You collected 37 gold pieces.

Inventory:

Hand Weapons
 a - a +3 dagger of electrocution
 e - the +4 dagger of Jomussaj (weapon) {vorpal, Dex+6}
   (You found it in the Dungeon)

   It inflicts extra damage upon your enemies.
   Dex:       It affects your dexterity (+6).
 n - a +2 dagger
 u - a +2 rapier of venom
 J - the +4 dagger of Qofia {flame, Will+}
   (You found it in the Dungeon)

   It burns those it strikes, dealing additional fire damage.
   Will:      It increases your willpower.
Missiles
 j - a stone (quivered)
Armour
 b - a +0 robe
 A - +2 acid dragon scales (worn)
 D - a +2 troll leather armour
 E - +2 swamp dragon scales
 F - +3 shadow dragon scales
 G - a +0 hat (worn)
Jewellery
 o - a +3 ring of intelligence (left hand)
 p - a +3 ring of strength (right hand)
 v - a ring of protection from cold
 x - a +4 ring of protection
 y - an amulet of reflection (around neck)
 z - a ring of the Octopus King {HP+2 AC+2 EV+2 SH+2 SInv}
   (You found it in the Dungeon)

   [ring of see invisible]

   AC:        It affects your AC (+2).
   EV:        It affects your evasion (+2).
   HP:        It affects your health (+2).
   SInv:      It lets you see invisible.
   SH:        It affects your SH (+2).
 H - a ring of protection from cold
 I - a ring of resist corrosion
 K - the amulet of the Nine Hurtling Suns {Reflect Rampage rC- Int+4 SH+5}
   (You found it in the Dungeon)

   [amulet of reflection]

   It reflects blocked missile attacks.
   Int:       It affects your intelligence (+4).
   rC:        It makes you vulnerable to cold.
   SH:        It affects your SH (+5).
   Rampage:   It bestows one free step when moving towards enemies.
Wands
 C - a wand of roots (7)
Scrolls
 i - 3 scrolls of blinking
 k - 6 scrolls of amnesia
 l - 2 scrolls of summoning
 m - 2 scrolls of vulnerability
 w - 4 scrolls of identify
 B - a scroll of fear
Potions
 c - 2 potions of invisibility
 d - 5 potions of curing
 f - 4 potions of haste
 g - 4 potions of magic
 h - 2 potions of berserk rage
 q - 2 potions of brilliance
 r - 2 potions of resistance
 s - a potion of might
 t - a potion of mutation


   Skills:
 + Level 10.9 Fighting
 - Level 14.0 Short Blades
 * Level 14.7 Armour
 + Level 21.3 Dodging
 - Level 16.0 Stealth
 - Level 14.0 Spellcasting
 + Level 4.5 Conjurations
 + Level 15.6 Hexes
 + Level 3.3 Ice Magic
 - Level 15.0 Invocations


You had 30 spell levels left.
You knew the following spells:

 Your Spells              Type           Power      Damage    Failure   Level
a - Ensorcelled Hibernat  Hex/Ice        100%       N/A       1%          2
b - Confusing Touch       Hex            75%        N/A       1%          3
c - Dazzling Flash        Conj/Hex       100%       N/A       1%          3
d - Tukima's Dance        Hex            75%        N/A       1%          3

Your spell library contained the following spells:

 Spells                   Type           Power      Damage    Failure   Level
 Summon Guardian Golem    Hex/Summ       52%        N/A       1%          3
 Mephitic Cloud           Conj/Pois/Air  24%        N/A       8%          3


Dungeon Overview and Level Annotations

Branches:
Dungeon (1/1)

Altars:
Ashenzari
Cheibriados
Dithmenos
Elyvilon
Fedhas
Gozag
Hepliaklqana
Kikubaaqudgha
Makhleb
Nemelex Xobeh
Okawaru
Qazlal
Ru
Sif Muna
Trog
Uskayaw
Vehumet
Wu Jian
Xom
Yredelemnul
Zin
The Shining One
Jiyva
Lugonu


Innate Abilities, Weirdness & Mutations

You are very small and have problems with some larger weapons.
You are too small for most types of armour.
You have supernaturally acute eyesight. (SInv)
You cover ground extremely quickly. (Speed+++)
You have a pair of small horns on your head.
Your mind is acute. (Int +4, Str/Dex -1)
You are frail. (-10% HP)


Message History

The frost giant gestures at you while chanting.
The bolt of cold misses you.
The frost giant gestures at you while chanting.
The bolt of cold misses you.
You hit the frost giant but do no damage.
You headbutt the frost giant, but do no damage.
Your shadow hits the frost giant with a dagger.
You hit the frost giant but do no damage.
The frost giant is lightly wounded.
The frost giant casts a spell at you. The bolt of cold hits you!!!
Ouch! That really hurt!
* * * LOW HITPOINT WARNING * * *
You emit a cloud of dark smoke.
You hit the frost giant but do no damage.
The frost giant is lightly wounded.
Your shadow hits the frost giant but does no damage.
Unknown command.
You feel better.
The frost giant hits you with a +0 battleaxe of freezing!
* * * LOW HITPOINT WARNING * * *
The frost giant freezes you.
* * * LOW HITPOINT WARNING * * *
You feel better. The frost giant misses you.
Unknown command.
You feel better. The frost giant casts a spell at you.
The bolt of cold misses you.
Unknown command.
You hit the frost giant but do no damage.
You headbutt the frost giant, but do no damage.
The frost giant casts a spell at you. The bolt of cold hits you!
You hit the frost giant but do no damage.
You hit the frost giant but do no damage.
Your shadow hits the frost giant but does no damage.
The frost giant casts a spell at you. The bolt of cold hits you!!!
Ouch! That really hurt!
You die...

##################+#
...............§§§§#
.....).........§@§§#
#)'##############C§#
.....#[.[[#[[#[[#§§#
))...##''##..#[[#..#
.....#....#.....#..#
#..###....####..#(.#
.............'..#..#
..........####..#..#
....####..#.....#..#


You could see a frost giant.

Vanquished Creatures
  A death cob (D)
  2 shadow dragons (D)
  An emperor scorpion (D)
  2 orc warlords (D)
  2 ghost moths (D)
  An ophan (D)
  Azrael (D)
  A minotaur (D)
  An ice dragon (D)
  3 vault guards (D)
  A hydra (D)
  Harold (D)
  A boulder beetle (D)
  A yaktaur captain (D)
  A merfolk avatar (D)
  2 centaur warriors (D)
  An alligator snapping turtle (D)
  A naga warrior (D)
  An orc high priest (D)
  3 deep elf knights (D)
  3 skeletal warriors (D)
  2 salamander mystics (D)
  A sixfirhy (D)
  A shadow wraith (D)
  A flayed ghost (D)
  A spriggan druid (D)
  A cherub (D)
  A deep troll (D)
  A swamp dragon (D)
  A bog body (D)
  2 lindwurms (D)
  A wizard (D)
  A wolf spider (D)
  A mana viper (shapeshifter) (D)
  12 orc knights (D)
  A salamander (D)
  A guardian serpent (D)
  6 elephants (D)
  Maurice (D)
  2 naga magi (D)
  2 cane toads (D)
  3 yaktaurs (D)
  A demonic crawler (D)
  A rime drake (D)
  A hellwing (D)
  2 wandering mushrooms (D)
  A merfolk (D)
  Grinder (D)
  A tyrant leech (D)
  7 dream sheep (D)
  2 flying skulls (D)
  3 jumping spiders (D)
  A ynoxinul (D)
  A shadow (D)
  2 wyverns (D)
  3 fire elementals (D)
  6 yaks (D)
  A redback (D)
  A steam dragon (D)
  2 wargs (D)
  3 nagas (D)
  5 hell hounds (D)
  A floating eye (D)
  4 orc warriors (D)
  4 wolves (D)
  2 centaurs (D)
  A bullfrog (D)
  A wight (D)
  3 killer bees (D)
  An iron imp (D)
  A gnoll bouda (D)
  A jelly (D)
  An orc wizard (D)
  5 gnolls (D)
  A river rat (D)
  An adder (D)
  A white imp (D)
  2 ufetubi (D)
  An adder simulacrum (D)
  2 orcs (D)
  7 giant cockroaches (D)
  A hobgoblin (D)
  2 jackals (D)
  A quokka (D)
  A ball python zombie (D)
  A quokka skeleton (D)
  3 rats (D)
168 creatures vanquished.

Vanquished Creatures (others)
  A dancing weapon (D)
  An ufetubus (D)
  A ball python zombie (D)
3 creatures vanquished.

Grand Total: 171 creatures vanquished

Notes
Turn   | Place    | Note
-------+----------+-------------------------------------------
     0 | D        | Groucho the Spriggan Enchanter began the quest for the Orb.
     0 | D        | Reached XP level 1. HP: 9/9 MP: 5/5
    51 | D        | Found a bloodstained altar of Trog.
    51 | D        | Found a shimmering blue altar of Sif Muna.
    51 | D        | Found a viscous altar of Jiyva.
    51 | D        | Found a hazy altar of Hepliaklqana.
    51 | D        | Found an opulent altar of Gozag.
    52 | D        | Found a glowing golden altar of the Shining One.
    52 | D        | Found a glowing silver altar of Zin.
    52 | D        | Found a basalt altar of Yredelemnul.
    52 | D        | Found a shimmering altar of Xom.
    52 | D        | Found an ornate altar of the Wu Jian Council.
    52 | D        | Found a sacrificial altar of Ru.
    52 | D        | Found a stormy altar of Qazlal.
    52 | D        | Found an iron altar of Okawaru.
    52 | D        | Found a sparkling altar of Nemelex Xobeh.
    52 | D        | Found a burning altar of Makhleb.
    52 | D        | Found a blossoming altar of Fedhas.
    52 | D        | Found a white marble altar of Elyvilon.
    52 | D        | Found a shadowy altar of Dithmenos.
    52 | D        | Found a snail-covered altar of Cheibriados.
    54 | D        | Found a radiant altar of Vehumet.
    54 | D        | Found a corrupted altar of Lugonu.
    55 | D        | Found a hide-covered altar of Uskayaw.
    55 | D        | Found an ancient bone altar of Kikubaaqudgha.
    55 | D        | Found a broken altar of Ashenzari.
    62 | D        | Became a worshipper of Dithmenos the Shadowed
    87 | D        | Reached skill level 5 in Stealth
   233 | D        | Reached skill level 1 in Invocations
   233 | D        | Reached XP level 2. HP: 10/13 MP: 5/7
   372 | D        | Reached * piety under Dithmenos
   382 | D        | Reached XP level 3. HP: 16/16 MP: 7/9
   394 | D        | Reached ** piety under Dithmenos
   453 | D        | Noticed a warg
   495 | D        | Learned a level 2 spell: Ensorcelled Hibernation
   519 | D        | Killed a warg
   519 | D        | Reached *** piety under Dithmenos
   520 | D        | Reached skill level 10 in Stealth
   520 | D        | Reached skill level 5 in Spellcasting
   520 | D        | Reached XP level 4. HP: 21/21 MP: 7/12
   520 | D        | Reached XP level 5. HP: 24/24 MP: 8/14
   779 | D        | Noticed a wolf
   784 | D        | Killed a wolf
   785 | D        | Reached skill level 5 in Short Blades
   966 | D        | Learned a level 3 spell: Confusing Touch
   970 | D        | Learned a level 3 spell: Dazzling Flash
   981 | D        | Reached XP level 6. HP: 28/28 MP: 11/16
   987 | D        | Reached **** piety under Dithmenos
  1203 | D        | Reached skill level 5 in Invocations
  1341 | D        | Noticed a floating eye
  1343 | D        | Killed a floating eye
  1343 | D        | Reached ***** piety under Dithmenos
  1345 | D        | Noticed Grinder
  1351 | D        | Killed Grinder
  1352 | D        | Reached skill level 15 in Stealth
  1352 | D        | Reached XP level 7. HP: 32/32 MP: 17/19
  1360 | D        | Noticed a lindwurm
  1371 | D        | Killed a lindwurm
  1372 | D        | Reached skill level 10 in Hexes
  1372 | D        | Reached XP level 8. HP: 23/36 MP: 7/22
  1761 | D        | Noticed a boulder beetle
  1763 | D        | Killed a boulder beetle
  1764 | D        | Reached skill level 5 in Dodging
  1764 | D        | Reached skill level 10 in Spellcasting
  1783 | D        | Reached ****** piety under Dithmenos
  1784 | D        | Reached XP level 9. HP: 24/39 MP: 11/24
  2109 | D        | Noticed a demonic crawler
  2109 | D        | Noticed a naga warrior
  2109 | D        | Noticed a salamander mystic
  2119 | D        | Reached skill level 6 in Dodging
  2125 | D        | Noticed a flayed ghost
  2150 | D        | Killed a demonic crawler
  2151 | D        | Reached skill level 10 in Short Blades
  2152 | D        | HP: 1/39 [salamander mystic/bolt of magma (26)]
  2164 | D        | Killed a salamander mystic
  2165 | D        | Reached skill level 7 in Dodging
  2173 | D        | Reached skill level 8 in Dodging
  2185 | D        | Killed a flayed ghost
  2186 | D        | Reached skill level 9 in Dodging
  2186 | D        | Reached skill level 10 in Invocations
  2186 | D        | Reached XP level 10. HP: 44/44 MP: 3/27
  2800 | D        | Killed a naga warrior
  2801 | D        | Reached skill level 10 in Dodging
  2892 | D        | Noticed a salamander
  2905 | D        | Noticed a naga mage
  2906 | D        | Noticed a naga mage
  2917 | D        | Killed a salamander
  2918 | D        | Noticed a salamander mystic
  2919 | D        | Killed a naga mage
  2965 | D        | Killed a salamander mystic
  2966 | D        | Reached skill level 11 in Dodging
  2968 | D        | Killed a naga mage
  3127 | D        | Reached skill level 1 in Fighting
  3382 | D        | Noticed a bog body
  3391 | D        | Noticed an orc high priest
  3391 | D        | Noticed an alligator snapping turtle
  3401 | D        | Killed a bog body
  3402 | D        | Reached skill level 12 in Dodging
  3406 | D        | Reached XP level 11. HP: 40/51 MP: 18/30
  3452 | D        | Killed an alligator snapping turtle
  3593 | D        | Killed an orc high priest
  3681 | D        | Reached skill level 13 in Dodging
  3786 | D        | Reached skill level 5 in Fighting
  3881 | D        | Noticed a lindwurm
  3885 | D        | Killed a lindwurm
  3886 | D        | Reached skill level 14 in Dodging
  4136 | D        | Noticed a seven-headed hydra
  4139 | D        | Killed a seven-headed hydra
  4235 | D        | Reached skill level 15 in Dodging
  4247 | D        | Noticed a mana viper
  4260 | D        | Killed a mana viper
  4316 | D        | Noticed Harold
  4322 | D        | Killed Harold
  4327 | D        | Reached skill level 16 in Dodging
  4346 | D        | Got the +4 dagger of Jomussaj {vorpal, Dex+6}
  4443 | D        | Gained mutation: You are frail. (-10% HP) [potion of
                  | mutation]
  4443 | D        | Gained mutation: You have a pair of small horns on your
                  | head. [potion of mutation]
  4443 | D        | Gained mutation: Your mind is acute. (Int +4, Str/Dex -1)
                  | [potion of mutation]
  4492 | D        | Noticed Maurice
  4494 | D        | Killed Maurice
  4889 | D        | Reached XP level 12. HP: 53/56 MP: 22/31
  4904 | D        | Reached skill level 17 in Dodging
  4904 | D        | Reached skill level 15 in Invocations
  4914 | D        | Noticed an emperor scorpion
  4932 | D        | Killed an emperor scorpion
  4933 | D        | Reached skill level 18 in Dodging
  4935 | D        | Noticed a minotaur
  4941 | D        | Killed a minotaur
  5069 | D        | Noticed a death cob
  5070 | D        | Noticed an orc warlord
  5070 | D        | Noticed an orc warlord
  5071 | D        | Killed a death cob
  5231 | D        | Killed an orc warlord
  5238 | D        | Noticed a shadow dragon
  5239 | D        | Noticed a yaktaur captain
  5244 | D        | Killed a yaktaur captain
  5387 | D        | Reached skill level 10 in Armour
  5492 | D        | Noticed a vault guard
  5632 | D        | Noticed a vault guard
  5673 | D        | Learned a level 3 spell: Tukima's Dance
  5931 | D        | Reached XP level 13. HP: 50/60 MP: 21/32
  6228 | D        | Killed a shadow dragon
  6639 | D        | Killed an orc warlord
  6640 | D        | Reached skill level 19 in Dodging
  7041 | D        | Noticed a shadow dragon
  7043 | D        | Killed a shadow dragon
  7044 | D        | Reached skill level 20 in Dodging
  7323 | D        | Noticed a ghost moth
  7326 | D        | Noticed Azrael
  7326 | D        | Found the ring of the Octopus King {HP+2 AC+2 EV+2 SH+2
                  | SInv}
  7327 | D        | Killed a ghost moth
  7328 | D        | Reached skill level 1 in Conjurations
  7330 | D        | Killed Azrael
  7351 | D        | Reached skill level 10 in Fighting
  8435 | D        | Noticed a ghost moth
  8469 | D        | Reached skill level 15 in Hexes
  8469 | D        | Reached skill level 1 in Ice Magic
  8496 | D        | Killed a ghost moth
  8497 | D        | Reached skill level 21 in Dodging
  9127 | D        | Got a ring of the Octopus King {HP+2 AC+2 EV+2 SH+2 SInv}
  9148 | D        | Got Easy Magic
  9204 | D        | Noticed an eidolon
  9204 | D        | Noticed an ophan
 11202 | D        | Reached XP level 14. HP: 51/69 MP: 27/33
 11328 | D        | Killed an ophan
 11741 | D        | Got the +4 dagger of Qofia {flame, Will+}
 11743 | D        | Got the amulet of the Nine Hurtling Suns {Reflect Rampage
                  | rC- Int+4 SH+5}
 11815 | D        | Noticed a frost giant
 11815 | D        | Noticed a deep elf master archer
 11850 | D        | Killed from afar by a frost giant

Illustrated notes

Levels and vault maps discovered:
D:        pitsprint [storerooms_1, entrance_room_1, metal_vault_2, armoury_1,
          mini_pit_1, grid_room_1, main_hall_1, silver_pit, the_coven_2,
          the_vestibule_1, steel_vault_3, golden_pit, hallway_of_sentries,
          crystal_vault_4, iron_vault_1, final_vault]

Skill      XL: |  1  2  3  4  5  6  7  8  9 10 11 12 13 |
---------------+----------------------------------------+-----
Stealth        | 6 7 10 12 15 16 | 16.0
Spellcasting   | 3 4 5 6 8 9 10 12 14 | 14.0
Short Blades   | 2 4 5 7 8 9 11 13 14 | 14.0
Hexes          | 4 6 7 8 10 11 12 14 15 | 15.6
Invocations    | 1 2 3 4 6 7 8 10 11 14 15 | 15.0
Dodging        | 5 9 12 16 18 21 | 21.3
Fighting       | 2 7 10 | 10.9
Armour         | 12 14 | 14.7
Conjurations   | 4 |  4.5
Ice Magic      | 3 |  3.3

Action                   |  1- 3 |  4- 6 |  7- 9 | 10-12 | 13-15 || total
-------------------------+-------+-------+-------+-------+-------++-------
Melee: Dagger            |    38 |    23 |    42 |   140 |   220 ||   463
       Punch             |     1 |       |     1 |     3 |     2 ||     7
       Rapier            |       |       |       |    86 |       ||    86
       Headbutt          |       |       |       |    24 |    57 ||    81
Throw: Stone             |       |       |       |     5 |     4 ||     9
 Cast: Ensorcelled Hiber |     1 |     8 |    13 |    91 |    77 ||   190
       Confusing Touch   |       |     2 |     6 |    16 |    21 ||    45
       Dazzling Flash    |       |       |     1 |     1 |     3 ||     5
       Tukima's Dance    |       |       |       |     3 |     5 ||     8
Invok: Shadow Step       |       |     1 |     2 |    19 |     6 ||    28
       Shadow Form       |       |       |       |     3 |       ||     3
  Use: Potion            |     1 |       |     4 |    10 |    10 ||    25
       Scroll            |       |       |       |       |     5 ||     5
 Stab: Sleeping          |     7 |    12 |     8 |    64 |    28 ||   119
       Confused          |       |     1 |     6 |    15 |    18 ||    40
       Invisible         |       |       |     2 |    13 |     8 ||    23
Armor: Robe              |     3 |       |     1 |     1 |       ||     5
       Shadow dragon sca |       |       |       |       |    12 ||    12
       Acid dragon scale |       |       |       |       |     5 ||     5
Dodge: Dodged            |    26 |     7 |    30 |   156 |   154 ||   373
Block: Other             |       |       |       |    12 |    20 ||    32
       Reflection        |       |       |       |     1 |     2 ||     3
